AoeStats
← 用户1623433

Arena

505848312Analyzed
4v4 RM · 22d ago on Sep 11, 2026· 45m 56s· 8 players
Game mode
Random Map
Map size
Large (8 player)
Population
200
Speed
Normal
Resources
Standard
Victory
Conquest
Starting age
Dark Age
Ending age
Imperial Age
RankedLock teamsTeams togetherTeam positionsShared explorationLock speedFull tech treeHidden civsTurbo modeCheats
Victory
Defeat
🇨🇳 Khmer · China
1297
+11
🇧🇷 Teutons · Brazil
1208
+15
🇨🇳 Bohemians · China
1167
+16
🇨🇳 Malay · China
1091
+19
🇺🇸 Huns · United States
1235
-18
🇮🇹 Franks · Italy
1170
-15
🇹🇼 Italians · Taiwan
1149
-14
🇨🇳 Italians · China
1144
-14
Handsome Prince
10:05 Feudal Age
10:13 Loom
10:40 Horse Collar
10:47 Double-Bit Axe
18:02 Castle Age
15:51 Loom
17:23 Stone Mining
18:52 Bow Saw
19:40 Heavy Plow
20:13 Bloodlines
22:49 Gold Mining
23:58 Wheelbarrow
23:09 Town Watch
29:54 Imperial Age
27:39 Pikeman
28:20 Squires
29:12 Gold Shaft Mining
30:43 Hand Cart
30:52 Arson
31:21 Forging
31:12 Scale Mail Armor
31:18 Scale Barding Armor
31:17 Husbandry
33:31 Conscription
32:31 Elite Tarkan
33:11 Halberdier
34:27 Marauders
35:25 Chain Mail Armor
35:45 Iron Casting
35:01 Fletching
37:36 Two-Man Saw
39:18 Chain Barding Armor
HuLB
9:56 Feudal Age
14:12 Castle Age
13:23 Double-Bit Axe
21:31 Bow Saw
23:19 Wheelbarrow
24:40 Hand Cart
25:12 Gold Mining
28:55 Imperial Age
26:19 Loom
27:44 Scale Barding Armor
27:50 Forging
29:14 Gold Shaft Mining
29:00 Husbandry
29:14 Cavalier
30:20 Chain Barding Armor
30:35 Iron Casting
29:29 Capped Ram
30:23 Paladin
32:22 Plate Barding Armor
33:09 Conscription
32:50 Chivalry
37:05 Blast Furnace
35:39 Elite Skirmisher
36:24 Padded Archer Armor
36:14 Fletching
yes my lord
9:48 Loom
12:21 Feudal Age
13:49 Double-Bit Axe
14:26 Fletching
23:13 Castle Age
21:14 Horse Collar
21:51 Stone Mining
25:41 Bodkin Arrow
26:09 Bow Saw
29:36 Imperial Age
28:12 Town Watch
29:02 Wheelbarrow
32:18 Fortified Wall
31:50 Treadmill Crane
32:21 Masonry
35:52 Two-Man Saw
34:54 Heavy Plow
34:58 Gold Mining
35:19 Scale Mail Armor
35:30 Forging
36:04 Architecture
37:29 Ballistics
38:09 Chemistry
37:49 Conscription
38:21 Chain Mail Armor
39:22 Onager
41:15 Hand Cart
41:35 Crop Rotation
41:40 Plate Mail Armor
41:13 Padded Archer Armor
41:21 Squires
41:40 Squires
41:01 Pikeman
42:24 Elite Skirmisher
43:11 Thumb Ring
44:51 Murder Holes
45:30 Bracer
用户1623433
12:21 Feudal Age
16:25 Castle Age
15:08 Double-Bit Axe
15:06 Horse Collar
21:23 Bow Saw
26:41 Wheelbarrow
27:01 Heavy Plow
31:31 Imperial Age
29:41 Hand Cart
29:26 Fletching
29:52 Gold Mining
30:37 Masonry
30:40 Fortified Wall
30:41 Masonry
31:34 Bodkin Arrow
31:16 Elite Skirmisher
32:03 Stone Mining
32:31 Bracer
33:48 Padded Archer Armor
34:22 Architecture
34:14 Ballistics
36:16 Stone Shaft Mining
36:08 Murder Holes
37:16 Chemistry
36:29 Treadmill Crane
37:25 Leather Archer Armor
37:43 Crop Rotation
38:47 Guard Tower
WinniethePooh
10:34 Feudal Age
13:14 Castle Age
11:07 Double-Bit Axe
11:06 Horse Collar
14:22 Bow Saw
22:32 Wheelbarrow
22:57 Heavy Plow
22:54 Gold Mining
27:37 Imperial Age
25:06 Stone Mining
25:56 Gold Shaft Mining
25:36 Loom
26:09 Hand Cart
26:52 Scale Barding Armor
28:27 Chain Barding Armor
28:19 Bloodlines
28:10 Husbandry
28:51 Stone Shaft Mining
29:19 Chemistry
28:40 Ballistics
28:07 Elite Ballista Elephant
29:08 Conscription
30:28 Plate Barding Armor
30:03 Siege Engineers
30:19 Ballistics
30:15 Double Crossbow
32:28 Ballistics
32:04 Murder Holes
32:01 Fletching
32:40 Light Cavalry
33:45 Forging
33:41 Hussar
35:08 Iron Casting
36:16 Crop Rotation
36:58 Blast Furnace
36:57 Coinage
36:28 Caravan
37:00 Capped Ram
38:30 Banking
37:54 Town Watch
38:21 Masonry
40:55 Architecture
40:24 Bodkin Arrow
裂云星风暴
12:10 Feudal Age
14:54 Castle Age
12:51 Double-Bit Axe
13:57 Horse Collar
14:59 Bow Saw
14:53 Heavy Plow
15:24 Bow Saw
19:43 Wheelbarrow
21:11 Heavy Plow
22:09 Gold Mining
23:31 Hand Cart
27:57 Imperial Age
26:12 Forging
26:46 Ballistics
26:46 Crossbowman
27:32 Thumb Ring
27:21 Fletching
28:39 Chemistry
27:45 Siege Engineers
27:32 Arbalester
28:47 Conscription
28:32 Bodkin Arrow
28:37 Padded Archer Armor
29:45 Bracer
30:01 Leather Archer Armor
31:12 Ring Archer Armor
31:18 Iron Casting
32:16 Masonry
31:41 Elite Karambit Warrior
34:48 Blast Furnace
34:36 Pikeman
35:16 Squires
35:29 Arson
35:05 Halberdier
36:47 Gold Shaft Mining
36:04 Stone Mining
37:52 Crop Rotation
38:03 Scale Barding Armor
38:08 Forced Levy
37:29 Man-at-Arms
LmC_Mr.Brown 2001
8:58 Feudal Age
9:12 Loom
9:44 Double-Bit Axe
11:44 Fletching
14:12 Horse Collar
25:18 Castle Age
28:25 Heavy Plow
28:36 Bow Saw
32:50 Stone Mining
33:58 Wheelbarrow
37:23 Imperial Age
35:09 Gold Mining
36:44 Hand Cart
36:25 Bodkin Arrow
36:52 Ballistics
36:25 Elite Skirmisher
37:07 Padded Archer Armor
38:29 Conscription
39:14 Chemistry
39:17 Two-Man Saw
39:27 Leather Archer Armor
40:02 Elite Teutonic Knight
41:14 Ring Archer Armor
40:56 Masonry
40:34 Gambesons
42:19 Scale Mail Armor
42:21 Squires
42:06 Arson
44:24 Forging
44:55 Chain Mail Armor
困困小熊饼oioi
11:36 Feudal Age
14:02 Loom
17:14 Castle Age
15:39 Double-Bit Axe
16:03 Horse Collar
19:10 Wheelbarrow
18:49 Bow Saw
25:59 Hand Cart
26:25 Heavy Plow
30:53 Imperial Age
28:34 Town Watch
31:05 Chemistry
30:26 Ballistics
30:17 Masonry
30:29 Scale Mail Armor
30:39 Forging
29:53 Pikeman
30:33 Squires
30:52 Squires
30:44 Treadmill Crane
30:59 Fletching
31:00 Halberdier
33:18 Two-Man Saw
33:04 Chain Mail Armor
33:25 Iron Casting
35:34 Plate Mail Armor
36:04 Blast Furnace
35:25 Houfnice
38:04 Siege Engineers
38:29 Architecture
38:23 Conscription
Connection lost

Rejoining the realm…

Still unreachable

The connection could not be restored.

Session expired

The server has moved on; the page needs a fresh start.